 Dungeon Crawl Stone Soup version 0.21.1-1-g345015fe64 (webtiles) character file.

105 Jerry the Ducker (level 4, -1/31 HPs)
             Began as an Octopode Fighter on Feb 28, 2018.
             Killed from afar by a white imp (7 damage)
             ... with a puff of frost
             ... summoned by Natasha
             ... on level 3 of the Dungeon.
             The game lasted 00:02:56 (1979 turns).

Jerry the Ducker (Octopode Fighter)                 Turns: 1979, Time: 00:02:56

Health: -1/31      AC:  1    Str: 15    XL:     4   Next: 81%
Magic:  4/4        EV: 12    Int: 10    God:
Gold:   155        SH:  9    Dex: 12    Spells: 3/3 levels left

rFire    . . .     SeeInvis .   a - +0 long sword
rCold    . . .     Gourm    .   b - +0 shield
rNeg     . . .     Faith    .   (helmet restricted)
rPois    .         Spirit   .   (no amulet)
rElec    .         Reflect  .   (no ring)
rCorr    .         Harm     .   (no ring)
MR       .....                  (no ring)
Stlth    +++.......             (no ring)
HPRegen  0.10/turn              (no ring)
MPRegen  0.09/turn              (no ring)
                                (no ring)
                                (no ring)

@: no status effects
A: almost no armour, stealthy swim, amphibious, 8 rings, constrict 8, camouflage
1, gelatinous body 1
a: no special abilities


You were on level 3 of the Dungeon.
You were not hungry.

You visited 1 branch of the dungeon, and saw 3 of its levels.

You collected 155 gold pieces.

Inventory:

Hand Weapons
 a - a +0 long sword (weapon)
Armour
 b - a +0 shield (worn)
Jewellery
 m - an uncursed amulet of rage {unknown}
Scrolls
 e - a scroll of noise {unknown}
 g - a scroll of identify {unknown}
 h - 3 scrolls of teleportation {unknown}
 j - 2 scrolls of remove curse {unknown}
 k - a scroll of fear {unknown}
Potions
 c - a potion of might
 i - a potion of haste {unknown}
 l - a potion of ambrosia {unknown}
 n - a potion of cancellation {unknown}
Comestibles
 d - 6 rations


   Skills:
 + Level 3.5 Fighting
 * Level 3.2 Long Blades
 + Level 3.5 Dodging
 + Level 1.9 Stealth
 + Level 3.4 Shields


You had 3 spell levels left.
You didn't know any spells.

Dungeon Overview and Level Annotations

Branches:
Dungeon (3/15)

Altars:
Elyvilon
Vehumet

Annotations:
D:3 Natasha


Innate Abilities, Weirdness & Mutations

You cannot wear most types of armour.
You are very stealthy in the water. (Stealth+)
You are amphibious.
You can wear up to eight rings at the same time.
You can use your tentacles to constrict eight enemies at once.
Your skin changes colour to match your surroundings (Stealth+).
Your rubbery body absorbs attacks. (AC +1, EV +1)


Message History

A rat comes into view.
Natasha hisses angrily.
Found a ruby ring and a scroll labeled YRISIN SEPE.
You start waiting.
Done waiting.
Natasha howls an incantation.
Natasha glows brightly for a moment.
Natasha mumbles some strange words.
Natasha claws you! The white imp gestures at you. The puff of frost hits you!
You closely miss Natasha. You grab Natasha. You squeeze Natasha!
Natasha is severely wounded.
You constrict Natasha. Natasha casts a spell at you. The magic dart hits you!
* * * LOW HITPOINT WARNING * * *
The white imp gestures at you. The puff of frost hits you!
You die...

.####...###.#.#......#
...###.####.######.....
...# ### #...# .##.#..
#..# #...# .##.#.. #..#
#...# ..? ... #..# #...#
..#.#.# ...# #...#
=.....#
#.########...#####......#
#.##............@hr.....#
...............#....##.#.
#.##...............5....
#.########.#.#########.#
#.# ##.###)## # #.# #.##
##.# #.# ##.###.##
#.########.#.####
..##...##.......#


You could see Natasha, a white imp and a rat.

Vanquished Creatures
  3 adders
  An ooze (D:2)
  3 dart slugs
  2 leopard geckos (D:2)
  8 orcs (D:3)
  2 ball pythons
  4 giant cockroaches
  4 goblins
  4 hobgoblins
  4 jackals (D:3)
  6 bats
  3 frilled lizards
  4 kobolds
  8 rats
56 creatures vanquished.

Vanquished Creatures (others)
  A dart slug (D:2)
1 creature vanquished.

Grand Total: 57 creatures vanquished

Notes
Turn   | Place    | Note
-------+----------+-------------------------------------------
     0 | D:1      | Jerry the Octopode Fighter began the quest for the Orb.
     0 | D:1      | Reached XP level 1. HP: 16/16 MP: 1/1
   112 | D:1      | Reached XP level 2. HP: 21/21 MP: 2/2
   359 | D:1      | Reached skill level 1 in Stealth
   688 | D:2      | Reached XP level 3. HP: 26/26 MP: 3/3
   756 | D:2      | Found a radiant altar of Vehumet.
   790 | D:2      | Found a white marble altar of Elyvilon.
  1123 | D:2      | Reached XP level 4. HP: 27/31 MP: 4/4
  1868 | D:3      | Noticed Natasha
  1979 | D:3      | Killed from afar by a white imp

Skill      XL: |  1  2  3  4 |
---------------+-------------+-----
Stealth        | 1 |  1.9
Long Blades    | 3 |  3.2
Fighting       | |  3.5
Dodging        | |  3.5
Shields        | |  3.4

Action                   |  1- 3 |  4- 6 || total
-------------------------+-------+-------++-------
Melee: Long sword        |    51 |    39 ||    90
       Constrict         |    13 |    15 ||    28
       Tentacles         |     8 |    12 ||    20
 Stab: Sleeping          |    13 |     2 ||    15
  Eat: Chunk             |     1 |     2 ||     3
Armor: Skin              |     5 |     1 ||     6
Dodge: Dodged            |    11 |    13 ||    24
Block: Shield            |    13 |    17 ||    30
       Rpst.: Long sword |       |     5 ||     5
